 Dungeon Crawl Stone Soup version 0.24.1 (webtiles) character file.

Game seed: 6702821921359834016, levelgen mode: deterministic

16 Destapler the Firebug (level 2, 0/20 HPs)
             Began as a Hill Orc Fire Elementalist on Mar 27, 2020.
             Slain by a gnoll
             ... wielding a +0 flail
              (6 damage)
             ... on level 1 of the Dungeon.
             The game lasted 00:04:29 (773 turns).

Destapler the Firebug (Hill Orc Fire Elementalist)   Turns: 773, Time: 00:04:29

Health: 0/20       AC:  3    Str: 10    XL:     2   Next: 54%
Magic:  1/4        EV: 12    Int: 15    God:
Gold:   0          SH:  0    Dex: 11    Spells: 3/4 levels left

rFire    . . .     SeeInvis .   d - +0 dagger
rCold    . . .     Gourm    .   (no shield)
rNeg     . . .     Faith    .   a - +0 robe
rPois    .         Spirit   .   (no helmet)
rElec    .         Reflect  .   (no cloak)
rCorr    .         Harm     .   k - +0 pair of gloves
MR       .....                  (no boots)
Stlth    ++........             (no amulet)
HPRegen  0.06/turn              (no ring)
MPRegen  0.09/turn              (no ring)

@: no status effects
A: no striking features
a: no special abilities


You were on level 1 of the Dungeon.
You were not hungry.

You visited 1 branch of the dungeon, and saw 2 of its levels.

Inventory:

Hand Weapons
 d - a +0 dagger (weapon)
 g - a +0 short sword
Missiles
 b - 28 stones
 e - 7 datura-tipped darts (quivered)
Armour
 a - a +0 robe (worn)
 k - a +0 pair of gloves (worn)
Scrolls
 f - a scroll of magic mapping {unknown}
 h - a scroll of remove curse {unknown}
Potions
 j - a potion of lignification {unknown}
Comestibles
 c - 4 rations
 i - 2 chunks of flesh


   Skills:
 + Level 0.0 Fighting
 * Level 0.0 Short Blades
 - Level 1.8 Dodging
 + Level 1.8 Stealth
 - Level 1.7 Spellcasting
 - Level 1.3 Conjurations
 - Level 3.4 Fire Magic


You had 3 spell levels left.
You knew the following spells:

 Your Spells              Type           Power        Failure   Level  Hunger
a - Flame Tongue          Conj/Fire      #....        9%          1    ##.....

Your spell library contained the following spells:

 Spells                   Type           Power        Failure   Level  Hunger
 Throw Flame              Conj/Fire      #.....       13%         2    ###....
 Conjure Flame            Conj/Fire      #.......     26%         3    ####...
 Inner Flame              Hex/Fire       #.......     32%         3    ####...
 Sticky Flame             Conj/Fire      #.......     63%         4    #####..
 Fireball                 Conj/Fire      #.........   93%         5    ######.


Dungeon Overview and Level Annotations

Branches:
Dungeon (2/15)

Altars:


Message History

Press: ? - help, Shift-Dir - straight line, f/p - gnoll
Aim: a gnoll (moderately wounded)
The flame tongue hits the gnoll.
The gnoll is severely wounded.
The gnoll hits you with a +0 flail!
Ouch! That really hurt!
* * * LOW HITPOINT WARNING * * *
The gnoll hits you.
* * * LOW HITPOINT WARNING * * *
You climb upwards.
There is a stone staircase leading down here.
Casting: Flame Tongue (safe; 9% risk of failure)
Confirm with . or Enter, or press ? or * to list all spells.
Aiming: Flame Tongue (safe; 9% risk of failure)
Press: ? - help, Shift-Dir - straight line, f - gnoll
Aim: a gnoll, wielding a +0 flail The flame tongue hits the gnoll.
The gnoll is moderately wounded.
The gnoll closely misses you. The gnoll hits you with a +0 flail.
You die...

#............##'########........
###........##.#.....#.'.....⌠.<.⌠
#..........##.........###........
#...###.....##......### ####..⌠..
.....##.....##......#########...#
.....##.............#......##...#
.....##..........####......##...#
...............g.####......###.##
................@..........###.#
........####.###.g...........#+#
##.###### #.###...........#...#
##.# #.#........########## .#.###
#..........# .#...# ###.#......#
.###.#########.######## .#
#.#.........# .###.#.#########


You could see 2 gnolls.

Vanquished Creatures
  2 dart slugs (D:1)
  A giant cockroach (D:1)
  A hobgoblin (D:1)
  2 kobolds (D:1)
  A frilled lizard (D:2)
  2 goblins (D:1)
  3 rats (D:1)
12 creatures vanquished.

Notes
Turn   | Place    | Note
-------+----------+-------------------------------------------
     0 | D:1      | Destapler the Hill Orc Fire Elementalist began the quest
                  | for the Orb.
     0 | D:1      | Reached XP level 1. HP: 14/14 MP: 3/3
   357 | D:1      | Reached XP level 2. HP: 20/20 MP: 1/4
   773 | D:1      | Slain by a gnoll

Levels and vault maps discovered:
D:1:      evilmike_arrival_plus, layout_basic
D:2:      minmay_chambers_of_ones, layout_loops_cross, minmay_distorted

Action                   || total
-------------------------++-------
Melee: Unarmed           ||    27
       Dagger            ||    16
       Short sword       ||     3
Throw: Dart              ||     1
 Cast: Flame Tongue      ||    16
 Stab: Sleeping          ||     1
Armor: Robe              ||     7
Dodge: Dodged            ||    22
